 Dungeon Crawl Stone Soup version 0.20.1-1-g8b1a95d (webtiles) character file.

585 Blomdor the Chopper (level 7, -10/56 HPs)
             Began as a Barachi Venom Mage on Sept 24, 2017.
             Mangled by a mummy (13 damage)
             ... in an ossuary.
             The game lasted 00:11:09 (4463 turns).

Blomdor the Chopper (Barachi Venom Mage)            Turns: 4463, Time: 00:11:09

Health: -10/56     AC:  7    Str:  8 (11) XL:     7   Next: 37%
Magic:  10/10      EV:  8    Int: 14 (15) God:
Gold:   98         SH:  0    Dex: 10 (13) Spells: 7/10 levels left

rFire    . . .     SeeInvis .   f - +0 halberd (freeze)
rCold    . . .     Gourm    .   (shield currently unavailable)
rNeg     . . .     Faith    .   m - +0 scale mail
rPois    .         Spirit   .   e - +0 helmet
rElec    .         Reflect  .   (no cloak)
rCorr    .         Harm     .   (no gloves)
MR       .....                  (no boots)
Stlth    ..........             (no amulet)
Regen    0.2/turn               (no ring)
MPRegen  0.2/turn               (no ring)

@: can't hop, slow
A: +LOS, swims, slowness 1, strong legs 1
a: Hop


You were in an ossuary.
You were not hungry.

You visited 1 branch of the dungeon, and saw 4 of its levels.
You also visited: Sewer and Ossuary.

You collected 98 gold pieces.

Inventory:

Hand Weapons
 f - a +0 halberd of freezing (weapon)
 o - a +1 rapier of venom
 p - a +1 hand axe of freezing
Missiles
 a - a throwing net (quivered)
Armour
 e - a +0 helmet (worn)
 m - a +0 scale mail (worn)
Scrolls
 j - 2 scrolls of identify
Potions
 g - 2 potions of flight
 i - a potion of heal wounds
 n - 2 potions of brilliance
 r - a potion of haste
Books
 b - a Young Poisoner's Handbook

   Spells                             Type                      Level
   a - Sting                          Conjuration/Poison           1
   b - Poisonous Vapours              Poison/Air                   2
   c - Mephitic Cloud                 Conjuration/Poison/Air       3
   d - Olgreb's Toxic Radiance        Poison                       4
   e - Venom Bolt                     Conjuration/Poison           5
Comestibles
 c - 4 bread rations
 d - 2 royal jellies
 h - 3 meat rations


   Skills:
 - Level 5.4 Fighting
 * Level 6.5 Axes
 - Level 2.1 Dodging
 - Level 1.7 Stealth
 - Level 2.1 Spellcasting
 - Level 1.1 Conjurations
 - Level 3.2 Poison Magic


You had 7 spell levels left.
You knew the following spells:

 Your Spells              Type           Power        Failure   Level  Hunger
a - Sting                 Conj/Pois      #...         67%         1    #......
b - Poisonous Vapours     Pois/Air       #.....       88%         2    ###....


Dungeon Overview and Level Annotations

Branches:
Dungeon (4/15)
 Temple: D:4-7

Altars:
Gozag
Kikubaaqudgha
Makhleb
Qazlal
Yredelemnul


Innate Abilities, Weirdness & Mutations

Shadows flee at your approach. (+LOS)
You can swim through water.
You cover ground slowly.
You can hop short distances.


Message History

The mummy is almost destroyed.
The mummy completely misses you. The mummy hits you.
* * * LOW HITPOINT WARNING * * *
The mummy hits you.
* * * LOW HITPOINT WARNING * * *
Unknown command.
You hit the mummy.
You destroy the mummy!
The mummy hits you.
* * * LOW HITPOINT WARNING * * *
The mummy hits you!
* * * LOW HITPOINT WARNING * * *
The big kobold zombie hits you but does no damage.
You barely miss the big kobold zombie. The mummy hits you but does no damage.
The mummy barely misses you.
Unknown command.
You hit the mummy.
The mummy is lightly damaged.
The mummy hits you!
You die...

....##....##.....#
.................#
..........M....#
.............##
#.......Z##'#
##......##..##
##....##..ZZ##
#....#....MM##
#....#....M@$#
#....#....M.$#
#....#.....$$#
#....#...!.$##
#....##...$$#
#....##..!$##
#.∩∩.###.?$#
###### ####


You could see 4 mummies, a kobold zombie and a big kobold zombie.

Vanquished Creatures
  Sigmund (D:2)
  A big kobold (Sewer)
  Blork the orc (D:4)
  Jessica (D:2)
  An orc wizard (D:4)
  2 worker ants (D:4)
  2 mummies (Ossuary)
  3 gnolls (D:3)
  2 river rats
  2 adders
  A worm (D:3)
  2 dart slugs (D:1)
  3 leopard geckos
  6 orcs
  7 giant cockroaches
  6 goblins
  10 hobgoblins
  4 jackals
  A quokka (D:3)
  5 ball pythons
  9 bats
  6 frilled lizards
  A gnoll zombie (Ossuary)
  A hobgoblin zombie (Ossuary)
  12 kobolds
  2 kobold zombies (Ossuary)
  2 orc zombies (Ossuary)
  8 rats
  A spectral orc (D:3)
103 creatures vanquished.

Notes
Turn   | Place    | Note
-------+----------+-------------------------------------------
     0 | D:1      | Blomdor the Barachi Venom Mage began the quest for the Orb.
     0 | D:1      | Reached XP level 1. HP: 13/13 MP: 3/3
    85 | D:1      | Reached skill level 1 in Fighting
   174 | D:1      | Reached XP level 2. HP: 18/22 MP: 1/5
   194 | D:1      | Learned a level 2 spell: Poisonous Vapours
   481 | D:1      | Reached XP level 3. HP: 13/29 MP: 1/6
  1645 | D:2      | Found a burning altar of Makhleb.
  2044 | D:2      | Noticed Sigmund
  2053 | D:2      | Killed Sigmund
  2053 | D:2      | Reached skill level 3 in Axes
  2053 | D:2      | Reached XP level 4. HP: 27/38 MP: 7/7
  2053 | D:2      | Reached XP level 5. HP: 31/43 MP: 8/8
  2403 | D:2      | Noticed Jessica
  2414 | D:2      | Killed Jessica
  2414 | D:2      | Reached XP level 6. HP: 50/50 MP: 9/9
  2493 | D:3      | Found an opulent altar of Gozag.
  2505 | D:3      | Reached skill level 4 in Axes
  2521 | D:3      | Reached skill level 5 in Fighting
  2639 | D:3      | Found a glowing drain.
  2758 | Sewer    | Entered a sewer
  3150 | Sewer    | Found a white marble altar of Elyvilon.
  3371 | D:3      | Found a basalt altar of Yredelemnul.
  3402 | D:3      | Reached skill level 5 in Axes
  3533 | D:3      | Found a stormy altar of Qazlal.
  3536 | D:3      | Noticed a water elemental
  3536 | D:3      | Noticed a fire elemental
  3536 | D:3      | Noticed an air elemental
  3594 | D:3      | Found an ancient bone altar of Kikubaaqudgha.
  3880 | D:4      | Noticed Blork the orc
  3902 | D:4      | Killed Blork the orc
  3902 | D:4      | Reached XP level 7. HP: 15/56 MP: 10/10
  4009 | D:4      | Reached skill level 6 in Axes
  4145 | D:4      | Found a sand-covered staircase.
  4159 | Ossuary  | Entered an ossuary
  4461 | Ossuary  | HP: 2/56 [mummy (7)]
  4463 | Ossuary  | Mangled by a mummy

Skill      XL: |  1  2  3  4  5  6  7 |
---------------+----------------------+-----
Fighting       | 1 3 4 5 |  5.4
Axes           | 3 5 6 |  6.5
Dodging        | |  2.1
Stealth        | |  1.7
Spellcasting   | |  2.1
Conjurations   | |  1.1
Poison Magic   | |  3.2

Action                   |  1- 3 |  4- 6 |  7- 9 || total
-------------------------+-------+-------+-------++-------
Melee: Unarmed           |   117 |       |       ||   117
       Hand axe          |    21 |   198 |    80 ||   299
       Rapier            |       |    28 |     4 ||    32
       Halberd           |       |       |    11 ||    11
 Cast: Sting             |    38 |     4 |       ||    42
       Poisonous Vapours |     8 |     2 |       ||    10
 Abil: Hop               |     1 |     2 |     1 ||     4
  Use: Potion            |     3 |     2 |     8 ||    13
       Scroll            |       |     7 |       ||     7
 Stab: Sleeping          |     3 |       |       ||     3
  Eat: Chunk             |     5 |     8 |     1 ||    14
       Royal jelly       |       |       |     1 ||     1
Armor: Robe              |    49 |     1 |       ||    50
       Scale mail        |       |   105 |    23 ||   128
       Skin              |       |    21 |    20 ||    41
Dodge: Dodged            |   111 |   101 |    36 ||   248
